 Dungeon Crawl Stone Soup version 0.21.0-3-g78d12a8 (webtiles) character file.

966 Suckerboh the Magician (level 7, -2/38 HPs)
             Began as a Deep Elf Fire Elementalist on Jan 14, 2018.
             Was an Initiate of Vehumet.
             Shot with an arrow by a centaur (7 damage)
             ... on level 5 of the Dungeon.
             The game lasted 00:07:58 (4367 turns).

Suckerboh the Magician (Deep Elf Fire Elementalist) Turns: 4367, Time: 00:07:58

Health: -2/38      AC: -1    Str:  5    XL:     7   Next: 93%
Magic:  2/19       EV: 14    Int: 22    God:    Vehumet [......]
Gold:   230        SH:  0    Dex: 15    Spells: 7/20 levels left

rFire    . . .     SeeInvis .   (no weapon)
rCold    . . .     Gourm    .   (no shield)
rNeg     . . .     Faith    .   a - +0 robe
rPois    .         Spirit   .   (no helmet)
rElec    .         Reflect  .   (no cloak)
rCorr    .         Harm     .   (no gloves)
MR       .....                  (no boots)
Stlth    ++........             (no amulet)
HPRegen  0.12/turn              v - -3 ring of protection (curse)
MPRegen  0.16/turn              w - ring of wizardry

@: no status effects
A: no striking features
a: Renounce Religion


You were on level 5 of the Dungeon.
You worshipped Vehumet.
Vehumet was noncommittal.
You were very hungry.

You visited 1 branch of the dungeon, and saw 5 of its levels.

You collected 230 gold pieces.

Inventory:

Armour
 a - a +0 robe (worn)
Jewellery
 v - a cursed -3 ring of protection (left hand)
 w - a ring of wizardry (right hand)
Wands
 k - a wand of random effects (41)
 x - a wand of flame (19)
Scrolls
 d - 2 scrolls of remove curse {unknown}
 e - 2 scrolls of blinking {unknown}
 f - 4 scrolls of identify {unknown}
 g - a scroll of noise {unknown}
 m - 3 scrolls of immolation {unknown}
 o - a scroll of enchant weapon {unknown}
 s - a scroll of fog {unknown}
 u - a scroll of teleportation {unknown}
Potions
 h - a potion of haste {unknown}
 i - 2 potions of curing {unknown}
 j - 2 potions of cancellation {unknown}
 l - a potion of lignification {unknown}
 n - a potion of might {unknown}
 p - a potion of agility {unknown}
 r - a potion of flight {unknown}
 t - a potion of invisibility {unknown}
Books
 b - a book of Flames

   Spells                             Type                      Level
   a - Flame Tongue                   Conjuration/Fire             1
   b - Throw Flame                    Conjuration/Fire             2
   c - Conjure Flame                  Conjuration/Fire             3
   d - Inner Flame                    Hexes/Fire                   3
   e - Sticky Flame                   Conjuration/Fire             4
   f - Fireball                       Conjuration/Fire             5
 q - a book of Callings

   Spells                             Type                      Level
   a - Summon Small Mammal            Summoning                    1
   b - Call Imp                       Summoning                    2
   c - Call Canine Familiar           Summoning                    3
   d - Summon Guardian Golem          Hexes/Summoning              3
   e - Summon Lightning Spire         Summoning/Air                4
   f - Summon Ice Beast               Ice/Summoning                4
Comestibles
 c - 7 rations


   Skills:
 + Level 1.0 Fighting
 + Level 3.7 Dodging
 - Level 2.4 Stealth
 + Level 7.1 Spellcasting
 * Level 6.1 Conjurations
 + Level 5.7 Fire Magic


You had 7 spell levels left.
You knew the following spells:

 Your Spells              Type           Power        Failure   Level  Hunger
a - Flame Tongue          Conj/Fire      ####.        1%          1    None
b - Conjure Flame         Conj/Fire      ####....     1%          3    None
c - Sticky Flame          Conj/Fire      ####....     2%          4    ###....
d - Fireball              Conj/Fire      ####......   8%          5    #####..


Dungeon Overview and Level Annotations

Branches:
Dungeon (5/15)
 Temple: D:4-7

Altars:
Vehumet
Yredelemnul

Annotations:
D:5 letownia2's ghost, novice VSWz


Message History

Press: ? - help, Shift-Dir - straight line, f - orc wizard
Aim: an orc wizard, wielding a mace and wearing a robe (hasn't noticed you)
The sticky flame hits the orc wizard.
The orc wizard is moderately wounded.
The orc wizard shouts!
The orc wizard is covered in liquid flames!
You hear a shout!
The orc wizard burns!
The orc wizard barely misses you.
The orc wizard burns!
A centaur comes into view.
Casting: Sticky Flame
Confirm with . or Enter, or press ? or * to list all spells.
Aiming: Flame Tongue
Press: ? - help, Shift-Dir - straight line, f/p - orc wizard
Aim: an orc wizard, wielding a mace and wearing a robe (almost dead, covered in liquid flames)
The flame tongue hits the orc wizard.
You kill the orc wizard!
Vehumet accepts your kill.
The centaur wields a shortbow.
The centaur shoots an arrow.
The arrow hits you!
You die...

.......# .......#
#>.....##### #..........#
#......<.#.#######
#......#.#.......### .##
#...#.##..###....))##.....
......###.# #...)#.†......
..<...# #..##...@###......
........##.......# .o...
..........................
......##...........###....
...................# ##
.......#............
.......$............#
................c.... ...
.............


You could see a centaur.

Vanquished Creatures
  2 ogres (D:4)
  A phantom (D:4)
  2 centaurs (D:5)
  A water moccasin skeleton (D:4)
  A scorpion (D:5)
  A howler monkey (D:4)
  A bullfrog zombie (D:5)
  3 hounds
  3 orc wizards
  A howler monkey skeleton (D:5)
  5 adders
  7 gnolls
  A worm (D:2)
  2 dart slugs
  3 leopard geckos
  10 orcs
  11 bats
  4 giant cockroaches
  8 goblins
  8 hobgoblins
  6 jackals
  3 quokkas
  4 frilled lizards
  5 kobolds
  8 rats
101 creatures vanquished.

Notes
Turn   | Place    | Note
-------+----------+-------------------------------------------
     0 | D:1      | Suckerboh the Deep Elf Fire Elementalist began the quest for the Orb.
     0 | D:1      | Reached XP level 1. HP: 10/10 MP: 6/6
   153 | D:1      | Reached XP level 2. HP: 14/15 MP: 5/8
   738 | D:2      | Reached XP level 3. HP: 19/19 MP: 6/10
  1475 | D:2      | Reached XP level 4. HP: 20/24 MP: 7/11
  1526 | D:2      | Learned a level 3 spell: Conjure Flame
  1531 | D:2      | Learned a level 4 spell: Sticky Flame
  1550 | D:2      | Reached skill level 4 in Spellcasting
  2501 | D:3      | Reached XP level 5. HP: 28/28 MP: 10/14
  2558 | D:3      | Reached skill level 5 in Spellcasting
  3235 | D:4      | Noticed a phantom
  3235 | D:4      | Noticed an ogre
  3460 | D:4      | Reached XP level 6. HP: 28/33 MP: 9/16
  3594 | D:4      | Reached skill level 6 in Spellcasting
  3594 | D:4      | Reached skill level 5 in Fire Magic
  3746 | D:4      | Reached XP level 7. HP: 29/37 MP: 12/18
  3748 | D:4      | Reached skill level 5 in Conjurations
  3818 | D:4      | Found a radiant altar of Vehumet.
  3830 | D:4      | Became a worshipper of Vehumet
  3982 | D:4      | Found a basalt altar of Yredelemnul.
  4015 | D:5      | Entered Level 5 of the Dungeon
  4015 | D:5      | Noticed letownia2's ghost (novice VSWz)
  4269 | D:5      | Learned a level 5 spell: Fireball
  4308 | D:5      | Reached skill level 1 in Fighting
  4311 | D:5      | Reached skill level 7 in Spellcasting
  4367 | D:5      | Shot with an arrow by a centaur

Skill      XL: |  1  2  3  4  5  6  7 |
---------------+----------------------+-----
Conjurations   | 2 3 4 6 |  6.1
Fire Magic     | 4 5 |  5.7
Spellcasting   | 4 5 6 7 |  7.1
Dodging        | 3 |  3.7
Fighting       | 1 |  1.0
Stealth        | |  2.4

Action                   |  1- 3 |  4- 6 |  7- 9 || total
-------------------------+-------+-------+-------++-------
Melee: Unarmed           |     2 |       |       ||     2
 Cast: Flame Tongue      |    75 |   115 |    35 ||   225
       Conjure Flame     |       |     2 |       ||     2
       Sticky Flame      |       |       |     3 ||     3
  Eat: Chunk             |     2 |     6 |     1 ||     9
Armor: Robe              |     8 |    13 |       ||    21
Dodge: Dodged            |    28 |    34 |    21 ||    83
